 Dungeon Crawl Stone Soup version 0.29-a0-973-gac7da5f7f0 (webtiles) character file.

Game seed: 15002354671017384186

35 vurker the Ducker (level 3, 28/29 HPs)
             Began as a Minotaur Enchanter on July 31, 2022.
             Was a Follower of Qazlal.
             Quit the game on level 1 of the Dungeon.
             The game lasted 00:01:18 (881 turns).

vurker the Ducker (Minotaur Enchanter)               Turns: 881, Time: 00:01:19

Health: 28/29      AC:  4    Str: 14    XL:     3   Next: 16%
Magic:  4/4        EV: 12    Int: 12    God:    Qazlal [*.....]
Gold:   18         SH:  2    Dex: 10    Spells: 4/4 levels left

rFire   + . .      SeeInvis .   a - +1 dagger
rCold   . . .      Faith    .   (no shield)
rNeg    . . .      Spirit   .   g - +1 leather armour {rF+}
rPois   .          Reflect  .   (helmet restricted)
rElec   .          Harm     .   (no cloak)
rCorr   .          Rampage  .   (no gloves)
Will    .....                   (no boots)
Stlth   ++........              (no amulet)
HPRegen 0.09/turn               (no ring)
MPRegen 0.09/turn               (no ring)

@: no status effects
A: horns 2, retaliatory headbutt
a: Renounce Religion


You were on level 1 of the Dungeon.
You worshipped Qazlal.
Qazlal was aware of your devotion.
You visited 1 branch of the dungeon, and saw 1 of its levels.

You collected 18 gold pieces.

Inventory:

Hand Weapons
 a - a +1 dagger (weapon)
Armour
 g - a +1 leather armour of fire resistance (worn)
   (You found it on level 1 of the Dungeon)
Scrolls
 b - a scroll of noise {unknown}
 d - 3 scrolls of enchant armour {unknown}
 e - a scroll of teleportation {unknown}
Potions
 c - 2 potions of invisibility
 f - a potion of heal wounds {unknown}
 h - a potion of curing {unknown}


   Skills:
 + Level 1.8 Fighting
 - Level 1.1 Short Blades
 + Level 1.8 Armour
 + Level 2.9 Dodging
 - Level 2.4 Stealth
 - Level 1.3 Spellcasting
 - Level 2.0 Hexes


You had 4 spell levels left.
You didn't know any spells.
Your spell library contained the following spells:

 Spells                   Type           Power      Damage    Failure   Level
 Ensorcelled Hibernation  Hex/Ice        6%         N/A       34%         2
 Confusing Touch          Hex            5%         N/A       43%         3
 Tukima's Dance           Hex            5%         N/A       43%         3
 Dazzling Flash           Conj/Hex       6%         N/A       56%         3


Dungeon Overview and Level Annotations

Branches:
Dungeon (1/15)

Altars:
Qazlal


Innate Abilities, Weirdness & Mutations

You have a pair of horns on your head.
You reflexively headbutt those who attack you in melee.


Message History

No target in view!
No target in view!
No target in view!
Things that are here:
a +0 club; a goblin corpse A hobgoblin comes into view.
A hobgoblin is nearby!
A hobgoblin is nearby!
A hobgoblin is nearby!
You closely miss the hobgoblin.
The hobgoblin hits you but does no damage.
You hit the hobgoblin but do no damage.
The hobgoblin hits you but does no damage.
You closely miss the hobgoblin. The hobgoblin hits you.
You closely miss the hobgoblin. You headbutt the hobgoblin.
You kill the hobgoblin!
Qazlal accepts your kill.
No target in view!
No target in view!
No target in view!
No target in view!
No target in view!
No target in view!
You see here a hobgoblin corpse.
Found a stone staircase leading down.
A ball python comes into view.
The ball python hisses angrily.
There is a stone staircase leading down here.
A ball python is nearby!
A ball python is nearby!
A ball python is nearby!
The ball python bites you but does no damage.
The ball python grabs you. The ball python constricts you.
You hit the ball python.
You kill the ball python!
Qazlal accepts your kill.
No target in view!
No target in view!
No target in view!
No target in view!
No target in view!
No target in view!
No target in view!
No target in view!
No target in view!
No target in view!
No target in view!
No target in view!
No target in view!
No target in view!

...#.####..#
#.# ...#.#
#..# #)#
..##.# #..#
#.# .###.##
#..# #####
#.# ......#
#..#
#...#####†#
..##..###..#
#.#.......#
#.##.......#
#...#######
..##..###.##
##>##
#.##..# #.#
#@# #.##..#
#.# #.#†#
#.....# #.#
#.# #.#
#...... ...
..# #.#
#####.#
#.#### ## .
... ..# . #


There were no monsters in sight!

Vanquished Creatures
  A dart slug (D:1)
  2 ball pythons (D:1)
  An endoplasm (D:1)
  2 giant cockroaches (D:1)
  5 goblins (D:1)
  2 hobgoblins (D:1)
  4 jackals (D:1)
  2 quokkas (D:1)
  2 frilled lizards (D:1)
  4 kobolds (D:1)
  4 rats (D:1)
29 creatures vanquished.

Notes
Turn   | Place    | Note
-------+----------+-------------------------------------------
     0 | D:1      | vurker the Minotaur Enchanter began the quest for the Orb.
     0 | D:1      | Reached XP level 1. HP: 14/14 MP: 1/1
   254 | D:1      | Found a faded altar of an unknown god.
   260 | D:1      | Reached skill level 1 in Fighting
   260 | D:1      | Reached skill level 1 in Armour
   272 | D:1      | Reached XP level 2. HP: 19/23 MP: 3/3
   317 | D:1      | Prayed at the altar of an unknown god.
   317 | D:1      | Became a worshipper of Qazlal Stormbringer
   317 | D:1      | Reached * piety under Qazlal
   819 | D:1      | Reached XP level 3. HP: 29/29 MP: 4/4
   881 | D:1      | Quit the game

Illustrated notes

Levels and vault maps discovered:
D:1:      psy_arrival_heroes, layout_loops_ring, basic_ecumenical_altar

Skill      XL: |  1 |
---------------+----+-----
Fighting       | 1 |  1.8
Armour         | 1 |  1.8
Short Blades   | |  1.1
Dodging        | |  2.9
Stealth        | |  2.4
Spellcasting   | |  1.3
Hexes          | |  2.0

Action                   || total
-------------------------++-------
Melee: Dagger            ||    44
       Headbutt          ||    10
Armor: Robe              ||     7
       Leather armour    ||     8
Dodge: Dodged            ||    43
Block: Other             ||     2

Table legend: (Time is in decaauts)
 A = Elapsed time spent in this place.
 B = Non-inter-level travel time spent in this place.
 C = Inter-level travel time spent in this place.
 D = Time resting spent in this place.
 E = Time spent auto-exploring this place.
 F = Levels seen in this place.
 G = Mean time per level.
                   A        B        C        D        E       F      G
               +--------+--------+--------+--------+--------+-----+--------+
         Total |    878 |    878 |      0 |     47 |    667 |   1 |  878.0 |
       Dungeon |    878 |    878 |      0 |     47 |    667 |   1 |  878.0 |
               +--------+--------+--------+--------+--------+-----+--------+

Top non-repeatable levels by time:
     D:1: 878 daAuts
